 Dungeon Sprint DCSS version 0.30-a0-534-gdc55766716 (webtiles) character file.

Game seed: 2481488448228539166

2 rocky1 the Ducker (level 1, -1/16 HPs)
             Began as a Demonspawn Gladiator on Dec 25, 2022.
             Slain by Jessica
             ... wielding a +1 dagger of venom
              (3 damage)
             ... in the Dungeon (Sprint III: "The Ten Rune Challenge").
             The game lasted 00:00:25 (97 turns).

rocky1 the Ducker (Demonspawn Gladiator)              Turns: 97, Time: 00:00:25

Health: -1/16      AC:  4    Str: 14    XL:     1   Next: 33%
Magic:  1/1        EV: 12    Int:  9    God:
Gold:   9          SH:  0    Dex: 14    Spells: 0/0 levels left

rFire   . . .      SeeInvis .    a - +0 flail
rCold   . . .      Faith    .    (no shield)
rNeg    . . .      Spirit   .    b - +0 leather armour
rPois   .          Reflect  .    c - +0 helmet
rElec   .          Harm     .    (no cloak)
rCorr   .          Rampage  .    (no gloves)
Will    .....      NoTele   +    (no boots)
Stlth   +                        (no amulet)
HPRegen 0.22/turn                (no ring)
MPRegen 0.07/turn                (no ring)

@: no status effects
A: no striking features
a: no special abilities


You were in the Dungeon.
You visited 1 branch You collected 9 gold pieces.

Inventory:

Hand Weapons
 a - a +0 flail (weapon)
Missiles
 d - 3 throwing nets (quivered)
 e - a javelin
Armour
 b - a +0 leather armour (worn)
 c - a +0 helmet (worn)
Scrolls
 k - a scroll of blinking
Potions
 g - a potion of heal wounds
 h - a potion of haste
 i - 2 potions of magic
 j - a potion of berserk rage


   Skills:
 + Level 2.1 Fighting
 + Level 3.1 Maces & Flails
 - Level 1.9 Throwing
 + Level 3.1 Dodging


You couldn't memorise any spells.
You didn't know any spells.
Your spell library was empty.

Dungeon Overview and Level Annotations

Branches:
Dungeon (1/1)

Altars:

Annotations:
D Jessica


Message History

HP restored.
You now have 9 gold pieces.
Jessica the Apprentice Sorceress comes into view.
She is wielding a +1 dagger of venom and wearing a +2 robe of positive energy.
Jessica shouts!
Jessica hits you with a +1 dagger of venom.
You are poisoned.
You barely miss Jessica.
You feel sick. Jessica closely misses you. Jessica barely misses you.
You closely miss Jessica.
You feel sick.
Jessica casts a spell.
Jessica blinks!
You feel sick.
You feel sick.
Jessica gestures wildly while chanting.
Jessica blinks!
You feel sick. Jessica barely misses you.
You hit Jessica.
Jessica is lightly wounded.
You feel sick.
You are no longer poisoned.
Jessica hits you with a +1 dagger of venom.
* * * LOW HITPOINT WARNING * * *
You are lethally poisoned!
You feel better.
Jessica hits you with a +1 dagger of venom.
* * * LOW HITPOINT WARNING * * *
Unknown command.
You hit Jessica.
Jessica is heavily wounded.
Jessica casts a spell.
Jessica seems to speed up.
You completely miss Jessica.
Jessica is heavily wounded.
Jessica hits you with a +1 dagger of venom.
* * * LOW HITPOINT WARNING * * *
Jessica completely misses you.
You hit Jessica.
Jessica is severely wounded.
Jessica hits you with a +1 dagger of venom.
You die...

▓▓▓▓▓▓▓▓▓
▓<..#!..####
▓...#......##
▓..##.....@.#
▓##.##.##..@#
##.##.###..#
▓#.####.##..#
▓.###..##..##
▓#.....# ..#
###..## ..#
##..## ...#
#..##


You could see Jessica (fast).

Vanquished Creatures
  2 endoplasms (D)
2 creatures vanquished.

Notes
Turn   | Place    | Note
-------+----------+-------------------------------------------
     0 | D        | rocky1 the Demonspawn Gladiator began the quest for the
                  | Orb.
     0 | D        | Reached XP level 1. HP: 16/16 MP: 1/1
    83 | D        | Noticed Jessica
    97 | D        | Slain by Jessica

Illustrated notes

Levels and vault maps discovered:
D:        dungeon_sprint_mu [sprint_mu_entry_cave, sprint_mu_temple_rooms,
          sprint_mu_d1_spiders, sprint_mu_d2_genie, sprint_mu_d3_branching,
          sprint_mu_orc_legion, sprint_mu_elf_gauntlet, sprint_mu_hive_nellie,
          sprint_mu_lair_fedhas, sprint_mu_vaults_butterflies,
          sprint_mu_slime_circle, sprint_mu_swamp_cave, sprint_mu_shoals_archi,
          sprint_mu_blade_basic, sprint_mu_crypt_fortress,
          sprint_mu_tomb_spiral, sprint_mu_vestibule_basic,
          sprint_mu_gehenna_hellfire, sprint_mu_dis_giant,
          sprint_mu_tartarus_statrot, sprint_mu_cocytus_islands, sprint_mu_zot1]

Skill      XL: |  1 |
---------------+----+-----
Maces & Flails | 3 |  3.1
Dodging        | 3 |  3.1
Fighting       | |  2.1
Throwing       | |  1.9

Action                   || total
-------------------------++-------
Melee: Flail             ||    13
  Use: Potion            ||     1
Armor: Leather armour    ||     1
Dodge: Dodged            ||     8

Table legend: (Time is in decaauts)
 A = Elapsed time spent in this place.
 B = Non-inter-level travel time spent in this place.
 C = Inter-level travel time spent in this place.
 D = Time resting spent in this place.
 E = Time spent auto-exploring this place.
 F = Levels seen in this place.
 G = Mean time per level.
                   A        B        C        D        E       F      G
               +--------+--------+--------+--------+--------+-----+--------+
         Total |    100 |    100 |      0 |     47 |     13 |   1 |  100.0 |
       Dungeon |    100 |    100 |      0 |     47 |     13 |   1 |  100.0 |
               +--------+--------+--------+--------+--------+-----+--------+

Top non-repeatable levels by time:
       D: 100 daAuts
